 Dungeon Crawl Stone Soup version 0.18.1-48-g4cf74bf (webtiles) character file.

25130 smeego the Grappler (level 12, -7/130 HPs)
             Began as a Troll Earth Elementalist on June 27, 2016.
             Was a High Priest of Ru.
             Mangled by a slime creature (9 damage)
             ... on level 14 of the Dungeon.
             The game lasted 00:47:09 (15485 turns).

smeego the Grappler (Troll Earth Elementalist)     Turns: 15485, Time: 00:47:10

Health: -7/130     AC: 10    Str: 19    XL:     12   Next: 86%
Magic:  8/13       EV:  9    Int: 15    God:    Ru [*****.]
Gold:   766        SH:  6    Dex:  8    Spells: 4 memorised, 3 levels left

rFire  + . .     SeeInvis .       - Unarmed
rCold  + . .     Gourm    +     o - +2 robe {rC+ rF+}
rNeg   . . .     Faith    .     (no shield)
rPois  .         Spirit   .     M - +1 hat {MR+}
rElec  .         Dismiss  .     i - +1 cloak {+Inv}
rCorr  +         Reflect  +     (gloves unavailable)
SustAt .         Harm     .     (boots unavailable)
MR     +....                    k - +6 amulet of reflection
Stlth  ..........               (no ring)
                                Q - ring of resist corrosion

@: exhausted, drained, somewhat resistant to hostile enchantments, extremely
unstealthy
A: unfitting armour, claws 3, clumsy 1, fast metabolism 3, gourmand,
regeneration 2, shaggy fur 1, tough skin 2, no stealth, hated by all, no hexes
magic, no poison magic, no summoning magic, unskilled 1, inexperienced 1
a: Draw Out Power, Power Leap, Apocalypse, Renounce Religion, Evoke Invisibility


You were on level 14 of the Dungeon.
You worshipped Ru.
Ru was extremely pleased with you.
You were very full.

You visited 2 branches of the dungeon, and saw 15 of its levels.
You also visited: Labyrinth and Ossuary.

You collected 836 gold pieces.
You spent 70 gold pieces at shops.

Inventory:

Hand Weapons
 S - a +2 scimitar of flaming
 Y - the +10 war axe of Nugacs {drain, +Blink rC++}
   (You found it on level 13 of the Dungeon)

   A truly terrible weapon, it drains the life of those it strikes.
   It greatly protects you from cold.
   It lets you blink.
Missiles
 b - 268 stones (quivered)
 G - 7 large rocks
Armour
 i - a +1 cloak of invisibility (worn)
 o - a +2 robe of resistance (worn)
 v - the +1 robe of Death Resistance {rF+ MR- Int+2 Dex+3}
   (You found it on level 8 of the Dungeon)

   It affects your intelligence (+2).
   It affects your dexterity (+3).
   It protects you from fire.
   It affects your resistance to hostile enchantments.
 M - a +1 hat of magic resistance (worn)
Jewellery
 k - a +6 amulet of reflection (around neck)
 J - an uncursed ring of fire
 N - an uncursed ring of fire
 Q - a ring of resist corrosion (left claw)
Wands
 y - a wand of paralysis (14/24)
 H - a wand of iceblast (13/15)
 P - a wand of digging (7/24)
 R - a wand of iceblast (5/15)
 T - a wand of disintegration (12/24)
 W - a wand of digging (6/24)
Scrolls
 j - 6 scrolls of remove curse
 l - 2 scrolls of enchant weapon
 m - 2 scrolls of amnesia
 r - 3 scrolls of teleportation
 w - 2 scrolls of recharging
 O - a scroll of holy word
 U - 2 scrolls of silence
 X - a scroll of fog
Potions
 a - 2 potions of cancellation
 f - a potion of berserk rage
 g - 3 potions of resistance
 p - 7 potions of curing
 t - 2 potions of brilliance
 u - 2 potions of haste
 z - 3 potions of lignification
 A - 2 potions of flight
 B - 2 potions of ambrosia
 D - 3 potions of mutation
 F - a potion of might
 I - a potion of heal wounds
 Z - a potion of cure mutation
Books
 c - a book of Geomancy

   Spells                             Type                      Level
   a - Sandblast                      Earth                        1
   b - Passwall                       Transmutation/Earth          2
   c - Stone Arrow                    Conjuration/Earth            3
   d - Petrify                        Transmutation/Earth          4
   e - Lee's Rapid Deconstruction     Earth                        5
 e - the Reference Book on Glacial Conjuration
   (You found it in a labyrinth)

   Spells                             Type                      Level
   a - Flame Tongue                   Conjuration/Fire             1
   b - Shock                          Conjuration/Air              1
   c - Throw Frost                    Conjuration/Ice              2
   d - Ensorcelled Hibernation        Hexes/Ice                    2
   e - Conjure Flame                  Conjuration/Fire             3
   f - Irradiate                      Conjuration/Transmutation    5
   g - Poisonous Cloud                Conjuration/Poison/Air       6
 n - a book of Necromancy

   Spells                             Type                      Level
   a - Pain                           Necromancy                   1
   b - Animate Skeleton               Necromancy                   1
   c - Vampiric Draining              Necromancy                   3
   d - Regeneration                   Charms/Necromancy            3
   e - Animate Dead                   Necromancy                   4
   f - Control Undead                 Necromancy                   4
 q - a book of Unlife

   Spells                             Type                      Level
   a - Recall                         Summoning/Translocation      3
   b - Animate Dead                   Necromancy                   4
   c - Control Undead                 Necromancy                   4
   d - Cigotuvi's Embrace             Necromancy                   5
   e - Death Channel                  Necromancy                   6
   f - Simulacrum                     Ice/Necromancy               6
 s - a book of the Dragon

   Spells                             Type                      Level
   a - Flame Tongue                   Conjuration/Fire             1
   b - Cause Fear                     Hexes                        4
   c - Bolt of Fire                   Conjuration/Fire             6
   d - Dragon Form                    Transmutation                7
   e - Dragon's Call                  Summoning                    9
 x - Sif Muna's Incunabulum of Frigorific Transformation
   (You found it in a labyrinth)

   Spells                             Type                      Level
   a - Sticks to Snakes               Transmutation                2
   b - Ozocubu's Armour               Charms/Ice                   3
   c - Blade Hands                    Transmutation                5
   d - Statue Form                    Transmutation/Earth          6
 C - a book of the Earth

   Spells                             Type                      Level
   a - Leda's Liquefaction            Hexes/Earth                  4
   b - Bolt of Magma                  Conjuration/Fire/Earth       5
   c - Statue Form                    Transmutation/Earth          6
   d - Iron Shot                      Conjuration/Earth            6
   e - Shatter                        Earth                        9
 L - a book of the Sky

   Spells                             Type                      Level
   a - Summon Lightning Spire         Summoning/Air                4
   b - Airstrike                      Air                          4
   c - Silence                        Hexes/Air                    5
   d - Deflect Missiles               Charms/Air                   6
   e - Conjure Ball Lightning         Conjuration/Air              6
   f - Tornado                        Air                          9
Comestibles
 d - 6 bread rations
 h - 3 royal jellies
 E - 5 meat rations
 K - 8 beef jerkies


   Skills:
 * Level 11.0(9.8) Fighting
 - Level 1.5(0.6) Dodging
 * Level 14.5(13.3) Unarmed Combat
 - Level 1.7(0.8) Spellcasting
 + Level 0.5(0.0) Transmutations
 * Level 7.3(6.3) Earth Magic
 + Level 0.3(0.0) Evocations


You had 3 spell levels left.
You knew the following spells:

 Your Spells              Type           Power        Failure   Level  Hunger
a - Sandblast             Erth           ###...       1%          1    ##.....
b - Passwall              Trmt/Erth      ##........   12%         2    ###....
c - Stone Arrow           Conj/Erth      ##....       24%         3    ####...
d - Lee's Rapid Deconstr  Erth           ###.......   54%         5    ######.


Dungeon Overview and Level Annotations

Branches:
Dungeon (14/15)            Temple (0/1) D:6            Lair (1/8) D:10
    Orc (0/2) D:9          Vaults (0/5) D:13

Altars:
Dithmenos
Fedhas
Gozag
Okawaru
Pakellas
Qazlal
Ru
Trog
Vehumet

Shops:
D:6 (*??


Innate Abilities, Weirdness & Mutations

You are too large for most types of armour.
You have claws for hands.
You are clumsy. (Dex -2)
Your metabolism is lightning-fast.
You like to eat raw meat.
You heal very quickly.
You are covered in fur (AC +1).
You have very tough skin (AC +2).
You cannot be stealthy.
You are hated by all.
You cannot study or cast Hexes magic.
You cannot study or cast Poison magic.
You cannot study or cast Summoning magic.
You are somewhat unskilled (-1 Apt).
You are somewhat inexperienced (-2 XL).


Message History

A hill giant comes into view. It is wielding a giant club.
The large slime creature stops glowing.
You see here a troll hide.
A slime creature suddenly disappears!
A cyclops comes into view.
The cyclops shouts!
The cyclops throws a large rock.
The large rock hits you!!
* * * LOW HITPOINT WARNING * * *
You focus your will and paralyse the cyclops in retribution!
You see here a large rock.
The slime creature quivers.
Okay, then.
Read which item? (? for menu, Esc to quit)
Okay, then.
Evoke which item? (* to show all) (? for menu, Esc to quit)
Okay, then.
The slime creature hits you!
* * * LOW HITPOINT WARNING * * *
The slime creature hits you!
You die...

. .##C ... ... #'# #.###
#.. .... #.. #####.#
#..##.C.o.# # #
#...@.###.#.#.#
##+#.#######.JJ###.#.#.##.
......."..........<.......
.....#######[[####.#.!####
... ..........o..........
# ######....###.#..####
+........#..# #.....##)#
.# #...#.##)# .#


You could see 2 slime creatures, a hill giant and an orc.

Vanquished Creatures
  Gastronok (D:10)
  A minotaur (Lab)
  2 vault guards
  Erolcha (D:13)
  Harold (D:10)
  A centaur warrior (D:13)
  An unseen horror (D:11)
  2 necromancers (D:13)
  6 hill giants
  2 wizards
  2 ugly things (D:13)
  3 cyclopes
  A salamander (shapeshifter) (D:13)
  Joseph (D:7)
  Psyche (D:10)
  A centaur skeleton (D:12)
  A gargoyle (D:12)
  A yaktaur (D:13)
  A troll (D:14)
  2 two-headed ogres (D:13)
  3 blink frogs
  8 slime creatures
  Sigmund (D:2)
  A wyvern (D:10)
  A shadow (D:12)
  14 humans (D:13)
  24 yaks
  2 vampires
  2 wraiths (D:13)
  4 hungry ghosts
  3 hippogriffs
  Menkaure (D:4)
  A mottled dragon (D:13)
  2 water moccasins
  Duvessa (D:5)
  A porcupine (Lair:1)
  9 orc warriors
  3 ice beasts
  5 sky beasts
  The ghost of smeego the Scratcher, an amateur FeTm (D:4)
  A black bear (D:13)
  An eye of draining (D:11)
  2 wasps
  9 ogres
  A necrophage (D:8)
  A phantom (D:13)
  5 wolves (Lair:1)
  4 crocodiles
  6 centaurs
  2 elf zombies (Ossuary)
  14 big kobolds
  15 giant frogs
  The ghost of Gadfly the Sneak, an amateur SpEn of Pakellas (D:3)
  A gnoll sergeant (D:9)
  Dowan (D:5)
  5 scorpions
  9 killer bees
  8 wights
  3 vampire bats (D:13)
  13 howler monkeys
  4 crimson imps
  A centaur zombie (Ossuary)
  5 giant frog zombies (D:12)
  A quasit (D:5)
  Crazy Yiuf (D:2)
  7 hounds
  4 orc wizards
  6 jellies
  7 orc priests
  A giant frog skeleton (D:5)
  Jessica (D:2)
  Natasha (D:3)
  5 iguanas
  5 worker ants
  2 killer bee zombies
  6 sheep (Lair:1)
  A big kobold zombie (Ossuary)
  A hound zombie (D:11)
  2 hound skeletons
  3 mummies
  2 howler monkey zombies (D:11)
  Robin (D:2)
  3 gnolls (D:9)
  A howler monkey skeleton (D:8)
  12 adders
  6 river rats (Lair:1)
  4 shadow imps
  An adder skeleton (D:7)
  3 adder zombies (Ossuary)
  4 worms
  4 dart slugs
  6 giant geckos
  41 orcs
  A ball python (D:2)
  5 giant cockroaches
  20 goblins
  11 hobgoblins
  3 jackals (D:5)
  3 quokkas
  13 bats
  7 giant newts
  A goblin zombie (Ossuary)
  15 hobgoblin zombies (Ossuary)
  A jackal skeleton (D:9)
  29 kobolds
  4 kobold zombies
  11 orc zombies
  A quokka zombie (D:9)
  7 rats
  A rat zombie (Ossuary)
  A fungus (D:10)
  A plant (D:2)
508 creatures vanquished.

Vanquished Creatures (others)
  A manticore (D:14)
  A blink frog (Lair:1)
  A human (D:13)
  An orc (D:12)
  2 kobolds
  A fungus (D:10)
7 creatures vanquished.

Grand Total: 515 creatures vanquished

Notes
Turn   | Place    | Note
--------------------------------------------------------------
     0 | D:1      | smeego the Troll Earth Elementalist began the quest for the Orb.
     0 | D:1      | Reached XP level 1. HP: 16/16 MP: 1/1
   114 | D:1      | Reached skill level 1 in Unarmed Combat
   114 | D:1      | Reached XP level 2. HP: 26/26 MP: 2/2
   149 | D:1      | Reached skill level 1 in Fighting
   560 | D:2      | Reached XP level 3. HP: 23/33 MP: 3/3
   808 | D:2      | Noticed Jessica
   813 | D:2      | Killed Jessica
   813 | D:2      | Reached skill level 2 in Unarmed Combat
   813 | D:2      | Reached XP level 4. HP: 37/41 MP: 5/5
   856 | D:2      | Noticed Robin
   864 | D:2      | Killed Robin
  1030 | D:2      | Noticed Sigmund
  1067 | D:2      | Killed Sigmund
  1067 | D:2      | Reached skill level 3 in Unarmed Combat
  1067 | D:2      | Reached XP level 5. HP: 11/50 MP: 6/6
  1067 | D:2      | Reached XP level 6. HP: 13/59 MP: 7/7
  1180 | D:2      | Noticed Crazy Yiuf
  1195 | D:2      | Killed Crazy Yiuf
  1407 | D:2      | Found a sacrificial altar of Ru.
  1433 | D:2      | Became a worshipper of Ru the Awakened
  1590 | D:3      | Noticed Gadfly's ghost (amateur SpEn)
  1616 | D:3      | Killed Gadfly's ghost
  1616 | D:3      | Reached skill level 4 in Unarmed Combat
  1628 | D:3      | Found a blossoming altar of Fedhas.
  1814 | D:3      | Found a shadowy altar of Dithmenos.
  2012 | D:3      | Noticed Natasha
  2020 | D:3      | Killed Natasha
  2192 | D:4      | Noticed smeego's ghost (amateur FeTm)
  2218 | D:4      | Killed smeego's ghost
  2218 | D:4      | Reached XP level 7. HP: 64/67 MP: 8/8
  2370 | D:4      | Gained mutation: You are clumsy. (Dex -2) [Ru sacrifice]
  2611 | D:4      | Reached skill level 5 in Unarmed Combat
  2641 | D:4      | Noticed Menkaure
  2652 | D:4      | Killed Menkaure
  2659 | D:4      | Learned a level 2 spell: Passwall
  2663 | D:4      | Learned a level 3 spell: Stone Arrow
  2934 | D:4      | Found an opulent altar of Gozag.
  3342 | D:5      | Entered Level 5 of the Dungeon
  3494 | D:5      | Reached skill level 6 in Unarmed Combat
  3744 | D:5      | Reached XP level 8. HP: 39/78 MP: 10/10
  3844 | D:5      | Reached skill level 7 in Unarmed Combat
  3936 | D:5      | Noticed Dowan
  3938 | D:5      | Noticed Duvessa
  3949 | D:5      | Killed Duvessa
  3970 | D:5      | Killed Dowan
  3982 | D:5      | Gained mutation: You are hated by all. [Ru sacrifice]
  3982 | D:5      | Reached * piety under Ru
  4620 | D:6      | Reached skill level 5 in Fighting
  4676 | D:6      | Reached skill level 8 in Unarmed Combat
  4678 | D:6      | Reached XP level 9. HP: 57/88 MP: 11/11
  4705 | D:6      | Reached skill level 9 in Unarmed Combat
  4705 | D:6      | Reached skill level 5 in Earth Magic
  4796 | D:6      | Found Sifude's General Store.
  4805 | D:6      | Bought a potion of heal wounds for 70 gold pieces
  4876 | D:6      | Found Qisaopp's Weapon Shoppe.
  5020 | D:6      | Found Adiufoz's Magic Scroll Emporium.
  5038 | D:6      | Found a bloodstained altar of Trog.
  5046 | D:6      | Found Hemurasho's Magic Scroll Emporium.
  5269 | D:6      | Found a staircase to the Ecumenical Temple.
  5466 | D:7      | Noticed Joseph
  5481 | D:7      | Killed Joseph
  5481 | D:7      | Reached skill level 10 in Unarmed Combat
  5528 | D:7      | Found a sand-covered staircase.
  5560 | Ossuary  | Entered an ossuary
  5778 | Ossuary  | Reached XP level 10. HP: 100/100 MP: 12/12
  6331 | D:7      | Found a bloodstained altar of Trog.
  6556 | D:8      | Found a stormy altar of Qazlal.
  6559 | D:8      | Found a radiant altar of Vehumet.
  6611 | D:8      | Found an iron altar of Okawaru.
  6656 | D:8      | Found an oddly glowing altar of Pakellas.
  6925 | D:8      | Reached skill level 11 in Unarmed Combat
  7184 | D:8      | Got an opalescent robe
  7195 | D:8      | Identified the +1 robe of Death Resistance {rF+ MR- Int+2 Dex+3} (You found it on level 8 of the Dungeon)
  7649 | D:9      | Learned a level 5 spell: Lee's Rapid Deconstruction
  7774 | D:9      | Found a staircase to the Orcish Mines.
  7834 | D:9      | Gained mutation: You cannot be stealthy. [Ru sacrifice]
  7834 | D:9      | Reached ** piety under Ru
  7915 | D:10     | Entered Level 10 of the Dungeon
  7920 | D:10     | Noticed a hill giant
  7926 | D:10     | Killed a hill giant
  8058 | D:10     | Noticed Psyche
  8080 | D:10     | Killed Psyche
  8117 | D:10     | Found a staircase to the Lair.
  8276 | D:10     | Reached XP level 11. HP: 113/113 MP: 13/13
  8354 | D:10     | Noticed Gastronok
  8365 | D:10     | Killed Gastronok
  8365 | D:10     | Reached skill level 12 in Unarmed Combat
  8600 | D:10     | Noticed Harold
  8608 | D:10     | Killed Harold
  8929 | D:11     | Noticed an unseen horror
  8931 | D:11     | Killed an unseen horror
  9380 | D:11     | Noticed a hill giant
  9388 | D:11     | Killed a hill giant
  9841 | D:12     | Gained mutation: You are somewhat inexperienced (-2 XL). [Ru sacrifice]
  9841 | D:12     | Reached XP level 10. HP: 109/109 MP: 12/12
  9841 | D:12     | Reached XP level 9. HP: 101/101 MP: 11/11
  9841 | D:12     | Reached *** piety under Ru
  9905 | D:12     | Reached skill level 13 in Unarmed Combat
  9956 | D:12     | Reached XP level 10. HP: 68/110 MP: 12/12
 10034 | D:12     | Noticed a hill giant
 10043 | D:12     | Killed a hill giant
 10189 | D:12     | Noticed a hill giant
 10284 | Lair:1   | Entered Level 1 of the Lair of Beasts
 10357 | D:10     | Reached skill level 10 in Fighting
 11021 | Lair:1   | Reached XP level 11. HP: 18/119 MP: 13/13
 11191 | Lair:1   | Noticed a hill giant
 11199 | Lair:1   | Killed a hill giant
 11381 | Lair:1   | Noticed a six-headed hydra
 11808 | D:12     | Killed a hill giant
 11808 | D:12     | Reached skill level 14 in Unarmed Combat
 11866 | D:12     | Gained mutation: You are somewhat unskilled (-1 Apt). [Ru sacrifice]
 11866 | D:12     | Reduced skill Unarmed Combat to level 13
 11866 | D:12     | Reduced skill Spellcasting to level 1
 11866 | D:12     | Reached **** piety under Ru
 11866 | D:12     | Reached ***** piety under Ru
 12052 | D:12     | Reached skill level 10 in Fighting
 12224 | D:13     | Noticed Erolcha
 12233 | D:13     | Killed Erolcha
 12424 | D:13     | Noticed a red ugly thing
 12437 | D:13     | Killed a red ugly thing
 12618 | D:13     | Found a labyrinth entrance.
 12623 | Lab      | Entered a labyrinth
 13641 | Lab      | Gained mutation: You cannot study or cast Poison magic. [Ru sacrifice]
 13641 | Lab      | Gained mutation: You cannot study or cast Hexes magic. [Ru sacrifice]
 13641 | Lab      | Gained mutation: You cannot study or cast Summoning magic. [Ru sacrifice]
 13898 | Lab      | Noticed a minotaur
 13903 | Lab      | Killed a minotaur
 13903 | Lab      | Reached XP level 12. HP: 95/127 MP: 13/13
 13911 | Lab      | Identified Sif Muna's Incunabulum of Frigorific Transformation
 13915 | Lab      | Identified the Reference Book on Glacial Conjuration (You found it in a labyrinth)
 13987 | D:13     | Got an encrusted war axe
 13988 | D:13     | Identified the +10 war axe of Nugacs {drain, +Blink rC++} (You found it on level 13 of the Dungeon)
 14113 | D:13     | Noticed a vault guard
 14116 | D:13     | Noticed a vault guard
 14343 | D:11     | Killed a vault guard
 14343 | D:11     | Reached skill level 14 in Unarmed Combat
 14420 | D:12     | Killed a vault guard
 14464 | D:13     | Noticed a centaur warrior
 14483 | D:13     | Killed a centaur warrior
 15083 | D:13     | Found a gate to the Vaults.
 15485 | D:14     | HP: 2/130 [slime creature (14)]
 15485 | D:14     | Mangled by a slime creature

Skill      XL: |  1  2  3  4  5  6  7  8  9 10 11 12 |
---------------+-------------------------------------+-----
Unarmed Combat | 1 2 3 4 6 8 13 11 13 14 | 14.5
Fighting       | 1 2 3 4 5 6 10 10 11 | 11.0
Earth Magic    | 3 4 5 7 7 |  7.3
Spellcasting   | 2 1 |  1.7
Stealth        | 0 |  0.0
Dodging        | |  1.5
Transmutations | |  0.5
Evocations     | |  0.3

Action                   |  1- 3 |  4- 6 |  7- 9 | 10-12 || total
-------------------------+-------+-------+-------+-------++-------
Melee: Unarmed           |   123 |   195 |   434 |  1094 ||  1846
       Punch             |       |     1 |    18 |    63 ||    82
       Scimitar          |       |       |       |     2 ||     2
 Cast: Sandblast         |       |       |     4 |    19 ||    23
       Stone Arrow       |       |       |     3 |       ||     3
Invok: Sacrifice Purity  |       |       |     1 |       ||     1
       Sacrifice Love    |       |       |     1 |       ||     1
       Sacrifice Experie |       |       |     1 |       ||     1
       Reject Sacrifices |       |       |     1 |       ||     1
       Draw Out Power    |       |       |       |     2 ||     2
       Sacrifice Stealth |       |       |       |     1 ||     1
       Sacrifice Arcana  |       |       |       |     1 ||     1
       Sacrifice Skill   |       |       |       |     1 ||     1
       Apocalypse        |       |       |       |     1 ||     1
Evoke: Wand              |       |       |       |     3 ||     3
  Use: Potion            |       |     5 |     2 |     7 ||    14
       Scroll            |       |     2 |     7 |    19 ||    28
 Stab: Sleeping          |       |     1 |       |     1 ||     2
       Invisible         |       |       |       |    12 ||    12
       Paralysed         |       |       |       |     3 ||     3
  Eat: Chunk             |    10 |    11 |    37 |    81 ||   139
       Fruit             |       |       |     3 |       ||     3
       Meat ration       |       |       |       |     2 ||     2
       Beef jerky        |       |       |       |     1 ||     1
       Bread ration      |       |       |       |     1 ||     1
Armor: Robe              |    38 |    34 |   140 |   363 ||   575
       Skin              |       |       |       |    17 ||    17
Dodge: Dodged            |    49 |    66 |   127 |   383 ||   625
Block: Other             |    19 |    35 |   115 |   251 ||   420
       Reflection        |       |     1 |     3 |     9 ||    13
